 Dungeon Crawl Stone Soup version 0.30-a0-629-gd54f4be4f7 (webtiles) character file.

Game seed: 18100180772234043466

18 wormed the Digger (level 2, 0/15 HPs)
             Began as a Deep Elf Earth Elementalist on Jan 13, 2023.
             Slain by a kobold
             ... wielding a +0 dagger
              (1 damage)
             ... on level 1 of the Dungeon.
             The game lasted 00:03:04 (422 turns).

wormed the Digger (Deep Elf Earth Elementalist)      Turns: 422, Time: 00:03:05

Health: 0/15       AC:  2    Str:  5    XL:     2   Next: 51%
Magic:  1/8        EV: 12    Int: 19    God:
Gold:   13         SH:  0    Dex: 15    Spells: 5/8 levels left

rFire   . . .      SeeInvis .    (no weapon)
rCold   . . .      Faith    .    (no shield)
rNeg    . . .      Spirit   .    a - +0 robe
rPois   .          Reflect  .    (no helmet)
rElec   .          Harm     .    (no cloak)
rCorr   .          Rampage  .    (no gloves)
Will    .....                    (no boots)
Stlth   ++                       (no amulet)
HPRegen 0.22/turn                (no ring)
MPRegen 0.11/turn                (no ring)

@: no status effects
A: no striking features
a: no special abilities


You were on level 1 of the Dungeon.
You visited 1 branch of the dungeon, and saw 2 of its levels.

You collected 13 gold pieces.

Inventory:

Armour
 a - a +0 robe (worn)
Scrolls
 b - a scroll of summoning {unknown}
 c - a scroll of blinking


   Skills:
 - Level 2.4 Dodging
 - Level 2.4 Stealth
 + Level 3.5 Spellcasting
 + Level 0.4 Conjurations
 + Level 1.8 Transmutations
 + Level 3.6 Earth Magic


You had 5 spell levels left.
You knew the following spells:

 Your Spells              Type           Power      Damage    Failure   Level
a - Sandblast             Erth           34%        2d9       3%          1
b - Searing Ray           Conj           8%         2d4       19%         2

Your spell library contained the following spells:

 Spells                   Type           Power      Damage    Failure   Level
 Passwall                 Tmut/Erth      10%        N/A       7%          2
 Magic Dart               Conj           16%        1d3       12%         1
 Stone Arrow              Conj/Erth      20%        3d8       19%         3
 Petrify                  Tmut/Erth      13%        N/A       43%         4
 Fulminant Prism          Conj/Hex       2%         3d5       78%         4


Dungeon Overview and Level Annotations

Branches:
Dungeon (2/15)

Altars:


Message History

The giant cockroach barely misses you. The kobold hits you with a +0 dagger.
The giant cockroach misses you.
Casting: Searing Ray (safe; 19% risk of failure)
Confirm with . or Enter, or press ? or * to list all spells.
Restarting spell: Searing Ray (safe; 19% risk of failure)
Press: ? - help, Shift-Dir - straight line, f - giant cockroach
Aim: a giant cockroach (74% to hit)
The searing ray hits the giant cockroach.
The giant cockroach is almost dead. (Press . to maintain the ray.)
The giant cockroach barely misses you. The kobold closely misses you.
The searing ray misses the giant cockroach.
The giant cockroach closely misses you. The kobold closely misses you.
Without enough magic to sustain it, your searing ray dissipates.
The giant cockroach bites you but does no damage.
The kobold hits you with a +0 dagger.
Your magical contamination has completely faded away.
You hit the giant cockroach.
You kill the giant cockroach!
The kobold hits you with a +0 dagger.
Casting: Searing Ray (safe; 19% risk of failure)
Confirm with . or Enter, or press ? or * to list all spells.
You don't have enough magic to cast this spell.
Casting: Searing Ray (safe; 19% risk of failure)
Confirm with . or Enter, or press ? or * to list all spells.
You don't have enough magic to cast this spell.
The kobold attacks as you move away! The kobold hits you with a +0 dagger.
* * * LOW HITPOINT WARNING * * *
Casting: Searing Ray (safe; 19% risk of failure)
Confirm with . or Enter, or press ? or * to list all spells.
You don't have enough magic to cast this spell.
The kobold barely misses you. The kobold hits you with a +0 dagger.
* * * LOW HITPOINT WARNING * * *
You hit the kobold but do no damage. The kobold hits you with a +0 dagger.
* * * LOW HITPOINT WARNING * * *
You closely miss the kobold. The kobold completely misses you.
You closely miss the kobold. The kobold closely misses you.
You barely miss the kobold. The kobold hits you with a +0 dagger.
You die...

################....
##.................#
##...................
#..................##
#..................##
#...........†........
#..................##
#....††........#.÷#..
##..@K>.............#
##...........##...##
##########.###.....
#†##...##.
##h.....##.
##..g†......
#.....).....
#.......g.....
...#...........


You could see a kobold.

Vanquished Creatures
  2 ball pythons (D:1)
  2 giant cockroaches (D:1)
  A hobgoblin (D:1)
  3 jackals (D:1)
  2 quokkas (D:1)
  2 bats (D:1)
  3 kobolds (D:1)
  A rat (D:1)
16 creatures vanquished.

Notes
Turn   | Place    | Note
-------+----------+-------------------------------------------
     0 | D:1      | wormed the Deep Elf Earth Elementalist began the quest for
                  | the Orb.
     0 | D:1      | Reached XP level 1. HP: 10/10 MP: 6/6
   150 | D:1      | Reached XP level 2. HP: 15/15 MP: 5/8
   189 | D:1      | Learned a level 2 spell: Searing Ray
   422 | D:1      | Slain by a kobold

Illustrated notes

Levels and vault maps discovered:
D:1:      wheals_arrival_shading, layout_rooms
D:2:      layout_basic, uniq_crazy_yiuf_cottage, uniq_terence

Action                   || total
-------------------------++-------
Melee: Unarmed           ||     9
 Cast: Sandblast         ||    19
       Searing Ray       ||     7
  Use: Scroll            ||     3
       Potion            ||     1
Armor: Robe              ||    14
Dodge: Dodged            ||    51

Table legend: (Time is in decaauts)
 A = Elapsed time spent in this place.
 B = Non-inter-level travel time spent in this place.
 C = Inter-level travel time spent in this place.
 D = Time resting spent in this place.
 E = Time spent auto-exploring this place.
 F = Levels seen in this place.
 G = Mean time per level.
                   A        B        C        D        E       F      G
               +--------+--------+--------+--------+--------+-----+--------+
         Total |    431 |    413 |     18 |      0 |    253 |   2 |  215.5 |
       Dungeon |    431 |    413 |     18 |      0 |    253 |   2 |  215.5 |
               +--------+--------+--------+--------+--------+-----+--------+

Top non-repeatable levels by time:
     D:1: 337 daAuts
     D:2: 94 daAuts
